 Dungeon Crawl Stone Soup version 0.31.0-32-g396128a36d (webtiles) character file.

Game seed: 12745596383355532381

582 Curundu the Chopper (level 7, -1/62 HPs)
             Began as a Minotaur Berserker on Apr 20, 2024.
             Was a Believer of Trog.
             Shot with an arrow by a centaur (7 damage)
             ... on level 5 of the Dungeon.
             The game lasted 00:07:29 (3013 turns).

Curundu the Chopper (Minotaur Berserker)            Turns: 3013, Time: 00:07:29

Health: -1/62      AC: 14    Str: 23    XL:     7   Next: 14%
Magic:  6/6        EV:  6    Int:  4    God:    Trog [**....]
Gold:   206        SH:  8    Dex: 10    Spells: 6/6 levels left

rFire   . . .        k - +0 war axe
rCold   . . .        h - +0 kite shield
rNeg    . . .        c - +0 plate armour
rPois   .            n - +0 hat
rElec   .            (no cloak)
rCorr   .            f - +0 pair of gloves
SInv    .            i - +0 pair of boots
Will    .....        (no amulet) Stlth
                     (no ring)
HPRegen 0.30/turn    (no ring)
MPRegen 0.10/turn

%: no passive effects
@: no status effects
A: horns 2, retaliatory headbutt
a: Renounce Religion, Berserk, Trog's Hand


You were on level 5 of the Dungeon.
You worshipped Trog.
Trog was pleased with you.
You visited 1 branch of the dungeon, and saw 5 of its levels.

You collected 206 gold pieces.

Inventory:

Hand Weapons
 k - a +0 war axe (weapon)
Missiles
 v - 6 boomerangs (quivered)
Armour
 c - a +0 plate armour (worn)
 f - a +0 pair of gloves (worn)
 h - a +0 kite shield (worn)
 i - a +0 pair of boots (worn)
 n - a +0 hat (worn)
Jewellery
 p - a +6 ring of intelligence
Wands
 s - a wand of roots (13)
Scrolls
 a - 4 scrolls of identify {unknown}
 e - a scroll of amnesia {unknown}
 j - a scroll of teleportation {unknown}
 m - a scroll of silence {unknown}
 o - a scroll of fear {unknown}
 q - a scroll of enchant armour {unknown}
 r - a scroll of revelation {unknown}
 t - a scroll of poison {unknown}
 u - a scroll of noise {unknown}
Potions
 b - 2 potions of curing {unknown}
 d - 3 potions of attraction {unknown}
 g - a potion of resistance {unknown}
 l - a potion of enlightenment {unknown}
 w - a potion of heal wounds {unknown}


   Skills:
 * Level 5.8 Fighting
 + Level 6.1 Axes
 * Level 5.0 Armour
 + Level 2.8 Dodging
 * Level 3.5 Shields


You had 6 spell levels left.
You didn't know any spells.
Your spell library was empty.

Dungeon Overview and Level Annotations

Branches:
Dungeon (5/15)
 Temple: D:4-7

Altars:
Fedhas
Sif Muna
Trog


Innate Abilities, Weirdness & Mutations

You have a pair of horns on your head.
You reflexively headbutt those who attack you in melee.


Message History

The centaur hits the bush but does no damage.
The centaur kicks the bush but does no damage.
You hit the bush but do no damage.
The bush is moderately damaged.
You hit the bush but do no damage. You hit the bush.
The centaur hits the bush but does no damage.
The centaur kicks the bush but does no damage.
The centaur wields a +0 orcbow.
The centaur shoots an arrow.
The arrow barely misses you.
You hit the bush but do no damage.
You headbutt the bush, but do no damage.
The bush is moderately damaged.
You hit the bush but do no damage. x2; The centaur shoots an arrow.
The arrow hits you.
You hit the bush but do no damage.
The bush is moderately damaged.
You hit the bush but do no damage. x2; The centaur shoots an arrow.
The arrow hits you.
The centaur unwields a +0 orcbow.
The centaur hits the bush.
The centaur kicks the bush but does no damage.
You hit the bush but do no damage.
The bush is moderately damaged.
You hit the bush. You hit the bush but do no damage.
The centaur wields a +0 orcbow.
The centaur shoots an arrow.
The arrow hits you.
The centaur shoots an arrow.
The arrow hits you.
* * * LOW HITPOINT WARNING * * *
The centaur shoots an arrow.
The arrow hits you but does no damage.
The centaur shoots an arrow.
The arrow hits you.
* * * LOW HITPOINT WARNING * * *
The centaur shoots an arrow.
The arrow hits you.
* * * LOW HITPOINT WARNING * * *
The centaur unwields a +0 orcbow.
The centaur hits the bush but does no damage.
The centaur kicks the bush but does no damage.
The centaur wields a +0 orcbow.
The centaur shoots an arrow.
You block the arrow.
The centaur unwields a +0 orcbow.
The centaur hits the bush.
The centaur kicks the bush.
The centaur wields a +0 orcbow.
The centaur shoots an arrow.
The arrow hits you!
You die...

####...).......
..........#...#
#.#.........PPP
#####.#...........PP
#..<..#.......#.PP_P #
#.##..#.##..#.#.PcPPP.#
#.##†.......#...PPPP..#
#...........@.........#
####.##.##..#!#######.#
####.....### ####.##
#.# ###


You could see a centaur.

Vanquished Creatures
  Grinder (D:4)
  2 ogres (D:4)
  3 hounds (D:4)
  An orc wizard (D:4)
  4 adders
  3 ribbon worms (D:2)
  9 orcs (D:4)
  5 endoplasms
  6 giant cockroaches
  5 goblins
  5 hobgoblins
  5 quokkas
  2 ball pythons
  6 bats
  7 frilled lizards
  8 kobolds
  2 rats
74 creatures vanquished.

Notes
Turn   | Place    | Note
-------+----------+-------------------------------------------
     0 | D:1      | Curundu the Minotaur Berserker began the quest for the Orb.
     0 | D:1      | Reached XP level 1. HP: 19/19 MP: 0/0
    47 | D:1      | Reached XP level 2. HP: 15/27 MP: 1/1
   110 | D:1      | Reached skill level 4 in Axes
   717 | D:2      | Reached XP level 3. HP: 33/33 MP: 2/2
   762 | D:2      | Reached ** piety under Trog
   830 | D:2      | Reached skill level 1 in Shields
  1280 | D:3      | Reached XP level 4. HP: 41/41 MP: 3/3
  1320 | D:3      | Found a faded altar of an unknown god.
  1374 | D:3      | Found a bloodstained altar of Trog.
  2031 | D:4      | Noticed an ogre
  2041 | D:4      | Killed an ogre
  2042 | D:4      | Reached skill level 5 in Axes
  2042 | D:4      | Reached XP level 5. HP: 40/47 MP: 4/4
  2151 | D:4      | Noticed Grinder
  2165 | D:4      | Killed Grinder
  2166 | D:4      | Reached skill level 5 in Fighting
  2166 | D:4      | Reached XP level 6. HP: 36/56 MP: 5/5
  2489 | D:4      | Found a shimmering blue altar of Sif Muna.
  2512 | D:4      | Identified the +10 long sword "Wyabu" {flame, rN+}
  2620 | D:4      | Reached skill level 6 in Axes
  2620 | D:4      | Reached XP level 7. HP: 42/62 MP: 6/6
  2813 | D:4      | Reached skill level 5 in Armour
  2978 | D:5      | Entered Level 5 of the Dungeon
  2991 | D:5      | Found a blossoming altar of Fedhas.
  3013 | D:5      | Shot with an arrow by a centaur

Illustrated notes

Levels and vault maps discovered:
D:1:      minmay_arrival_four_loops, layout_rooms
D:2:      layout_basic, minmay_gold_behind_fungi
D:3:      layout_basic, mainiacjoe_overflow_boulevard,
          nicolae_ecumenical_oubliette, kennysheep_decorative_pillar,
          chequers_avenue, nicolae_elevator_lobby_asterisk
D:4:      layout_basic, led_sif_pool, minmay_misc_feat_cross, uniq_grinder
D:5:      layout_basic, general_overflow_altar, fedhas_bush_and_centaur_altar,
          serial_shops, nicolae_shop_stone

Skill      XL: |  1  2  3  4  5  6  7 |
---------------+----------------------+-----
Fighting       | 4 5 |  5.8
Axes           | 4 5 6 |  6.1
Shields        | 1 2 3 |  3.5
Armour         | 3 4 5 |  5.0
Dodging        | |  2.8

Action                     |  1- 3 |  4- 6 |  7- 9 || total
---------------------------+-------+-------+-------++-------
  Melee: Hand axe          |    44 |       |       ||    44
         Headbutt          |    12 |     9 |    10 ||    31
         War axe           |    40 |    75 |    22 ||   137
 Invoke: Trog's Hand       |       |     2 |       ||     2
 Armour: Animal skin       |    20 |       |       ||    20
         Plate armour      |    61 |    64 |    28 ||   153
  Dodge: Dodged            |    42 |    20 |     5 ||    67
  Block: Kite shield       |    17 |    35 |    10 ||    62
